 Dungeon Crawl Stone Soup version 0.30-a0-939-gc8157cb160 (webtiles) character file.

Game seed: 10365512431786803839

217 BillyBaka the Shooter (level 5, -2/70 HPs)
             Began as a Minotaur Hunter on Mar 25, 2023.
             Slain by Pikel
             ... wielding a +0 whip of freezing
              (8 damage)
             ... on level 4 of the Dungeon.
             The game lasted 00:10:11 (2634 turns).

BillyBaka the Shooter (Minotaur Hunter)             Turns: 2634, Time: 00:10:12

Health: -2/70      AC: 22    Str: 16    XL:     5   Next: 61%
Magic:  4/4        EV:  2    Int:  4    God:
Gold:   261        SH:  0    Dex: 15    Spells: 4/4 levels left

rFire   . . .      SeeInvis .    u - +0 falchion
rCold   . . .      Faith    .    (no shield)
rNeg    . . .      Spirit   .    c - melded +0 leather armour
rPois   +          Reflect  .    (helmet currently unavailable)
rElec   .          Rampage  .    e - melded +0 cloak
rCorr   .          NoTele   +    (gloves currently unavailable)
Will    .....                    q - melded +0 pair of boots
Stlth   ++                       (no amulet)
HPRegen 0.31/turn                s - ring of poison resistance
MPRegen 0.09/turn                (no ring)

@: tree-form, attractive
A: stationary, stasis, torment immunity, boosted hp, (horns 2), (retaliatory
headbutt), deterioration 1, dopey 1, MP-powered wands
a: no special abilities


You were on level 4 of the Dungeon.
You were a tree.
You visited 1 branch of the dungeon, and saw 4 of its levels.

You collected 261 gold pieces.

Inventory:

Hand Weapons
 u - a +0 falchion (weapon)
Missiles
 h - 2 throwing nets
 v - 3 poisoned darts (quivered)
Armour
 c - a +0 leather armour (melded)
 e - a +0 cloak (melded)
 q - a +0 pair of boots (melded)
Jewellery
 s - a ring of poison resistance (left branch)
Scrolls
 b - 3 scrolls of immolation
 d - a scroll of brand weapon {unknown}
 g - 4 scrolls of identify {unknown}
 i - a scroll of teleportation {unknown}
 o - a scroll of blinking {unknown}
 p - 3 scrolls of noise {unknown}
 r - 2 scrolls of amnesia {unknown}
Potions
 a - a potion of invisibility {unknown}
 f - a potion of ambrosia {unknown}
 j - a potion of mutation
 k - a potion of attraction
 l - a potion of lignification
 m - a potion of haste {unknown}
 n - 3 potions of degeneration {unknown}
 t - a potion of brilliance {unknown}
 w - 2 potions of might {unknown}


   Skills:
 + Level 4.3 Fighting
 * Level 2.4 Long Blades
 - Level 5.9 Ranged Weapons
 + Level 1.0 Armour
 + Level 2.5 Dodging
 + Level 1.1 Stealth


You had 4 spell levels left.
You didn't know any spells.
Your spell library contained the following spells:

 Spells                   Type           Power      Damage    Failure   Level
 Freeze                   Ice            0%         1d3       50%         1
 Kiss of Death            Conj/Necr      0%         2d5       50%         1
 Shock                    Conj/Air       0%         1d3       50%         1
 Scorch                   Fire           0%         2d5       65%         2
 Confusing Touch          Hex            0%         N/A       86%         3
 Frozen Ramparts          Ice            0%         1d1       86%         3
 Hailstorm                Conj/Ice       0%         3d3       86%         3
 Swiftness                Air            0%         N/A       86%         3
 Airstrike                Air            0%         2d(0-16)  99%         4
 Dispel Undead            Necr           0%         3d6       99%         4
 Flame Wave               Conj/Fire      0%         2d4       99%         4
 Summon Cactus Giant      Summ           0%         N/A       100%        6


Dungeon Overview and Level Annotations

Branches:
Dungeon (4/15)
 Temple: D:4-7

Altars:

Shops:
D:1 (

Annotations:
D:4 Pikel


Innate Abilities, Weirdness & Mutations

You are a tree.
Your roots penetrate the ground, keeping you stationary.
You cannot be teleported.
You are immune to unholy pain and torment.
Your maximum health is greatly increased.
Your equipment is partially melded.
((You have a pair of horns on your head.))
((You reflexively headbutt those who attack you in melee.))
Your body sometimes deteriorates upon taking damage.
You are dopey. (Int -2)
You expend magic power (3 MP) to strengthen your wands.


Message History

Pikel is severely wounded.
A kobold comes into view.
It is wielding a +0 dagger of electrocution.
Pikel hits you but does no damage. The kobold is attracted toward you.
You closely miss Pikel.
Pikel is severely wounded.
Pikel hits you but does no damage. x2; The kobold is attracted toward you.
The kobold shouts!
You hit Pikel but do no damage.
Pikel is severely wounded.
You hear a bark!
Pikel hits you but does no damage.
You miss Pikel.
Pikel is severely wounded.
Pikel hits you but does no damage.
You hit Pikel but do no damage.
Pikel is severely wounded.
Pikel hits you but does no damage.
You completely miss Pikel.
Pikel is severely wounded.
Pikel hits you with a +0 whip of freezing!
* * * LOW HITPOINT WARNING * * *
Pikel freezes you.
* * * LOW HITPOINT WARNING * * *
You barely miss Pikel.
Pikel is severely wounded.
Pikel hits you but does no damage.
You slash Pikel!
Pikel is almost dead.
Pikel hits you but does no damage.
Pikel hits you with a +0 whip of freezing.
* * * LOW HITPOINT WARNING * * *
Pikel freezes you.
* * * LOW HITPOINT WARNING * * *
You closely miss Pikel.
Pikel is almost dead.
Pikel hits you but does no damage.
You barely miss Pikel.
Pikel is almost dead.
Pikel hits you with a +0 whip of freezing!
You die...

....(.....
.$.......######
...............
#####..# ######
#...#5.# #.....
#.#.#K.# #.###.
#..55..# #.# #.
###K##5######.#.# #.
#♣##<.......#.# #.
####.##.########.# #.
#....##.########.# #.
#.............##.# #.
#................###.
#.<..................
#.............#######
#.............##....<
#................###.


You could see Pikel, 3 lemures and a kobold.

Vanquished Creatures
  A bullfrog (D:4)
  An orc wizard (D:3)
  3 gnolls (D:2)
  2 adders
  3 worms
  2 dart slugs
  4 orcs (D:3)
  7 ball pythons
  5 endoplasms
  10 hobgoblins
  A bat (D:3)
  A frilled lizard (D:2)
  10 goblins
  8 kobolds
  5 rats
63 creatures vanquished.

Vanquished Creatures (others)
  3 fungi (D:4)
3 creatures vanquished.

Grand Total: 66 creatures vanquished

Notes
Turn   | Place    | Note
-------+----------+-------------------------------------------
     0 | D:1      | BillyBaka the Minotaur Hunter began the quest for the Orb.
     0 | D:1      | Reached XP level 1. HP: 18/18 MP: 0/0
   147 | D:1      | Reached XP level 2. HP: 23/25 MP: 1/1
   286 | D:1      | Reached skill level 5 in Ranged Weapons
   381 | D:1      | Reached XP level 3. HP: 28/31 MP: 2/2
   633 | D:1      | Found Syleiriy's Antique Weapon Shop.
   943 | D:2      | Identified the +0 leather armour of the Present {*Slow
                  | Str+6}
  1083 | D:2      | Reached XP level 4. HP: 38/38 MP: 3/3
  1906 | D:3      | Reached skill level 1 in Long Blades
  1909 | D:3      | Reached XP level 5. HP: 38/46 MP: 4/4
  2482 | D:4      | Noticed a lemure
  2483 | D:4      | Noticed a lemure
  2485 | D:4      | Noticed Pikel
  2493 | D:4      | Reached skill level 1 in Armour
  2493 | D:4      | Reached skill level 1 in Stealth
  2615 | D:4      | Noticed a lemure
  2617 | D:4      | Noticed a lemure
  2622 | D:4      | Gained mutation: Your body sometimes deteriorates upon
                  | taking damage. [potion of mutation]
  2622 | D:4      | Gained mutation: You are dopey. (Int -2) [potion of
                  | mutation]
  2622 | D:4      | Gained mutation: You expend magic power (3 MP) to
                  | strengthen your wands. [potion of mutation]
  2634 | D:4      | Slain by Pikel

Illustrated notes

Levels and vault maps discovered:
D:1:      dpeg_arrival_tiny_i, layout_loops_ring, serial_shops, shop_coins
D:2:      layout_rooms, serial_co_window_serial, co_window_paths_b,
          co_window_paths_a, co_window_corner_a, co_window_cross_1,
          co_window_cross_1, co_window_broadway_b, co_window_of_opportunity_c,
          co_window_corner_b, co_window_corner_b, co_window_broadway_a,
          co_window_broadway_b, glass_columns_c, glass_columns_a,
          glass_columns_b, glass_columns_a, st_stairs_8
D:3:      layout_basic
D:4:      layout_basic, nicolae_hepliaklqana_monster_ancestors, serial_aquarium,
          aquarium_bridge_square [aquarium_subvault_window,
          aquarium_subvault_wall, aquarium_subvault_wall,
          aquarium_subvault_bridge], aquarium_bridge_square
          [aquarium_subvault_wall, aquarium_subvault_wall,
          aquarium_subvault_bridge, aquarium_subvault_bridge],
          aquarium_window_1, aquarium_window_corridor_3, aquarium_window_1,
          aquarium_view_2d, uniq_pikel, uniq_blork_the_orc

Skill      XL: |  1  2  3  4  5 |
---------------+----------------+-----
Ranged Weapons | 5 |  5.9
Fighting       | 3 4 |  4.3
Long Blades    | 1 2 |  2.4
Armour         | 1 |  1.0
Stealth        | 1 |  1.1
Dodging        | |  2.5

Action                     |  1- 3 |  4- 6 || total
---------------------------+-------+-------++-------
  Melee: Falchion          |       |    53 ||    53
         Headbutt          |       |     4 ||     4
         Punch             |       |     1 ||     1
   Fire: Shortbow          |   122 |    40 ||   162
  Throw: Dart              |       |     4 ||     4
    Use: Potion            |     1 |     3 ||     4
 Armour: Leather armour    |     8 |    16 ||    24
         Skin              |       |     9 ||     9
  Dodge: Dodged            |    37 |    34 ||    71

Table legend: (Time is in decaauts)
 A = Elapsed time spent in this place.
 B = Non-inter-level travel time spent in this place.
 C = Inter-level travel time spent in this place.
 D = Time resting spent in this place.
 E = Time spent auto-exploring this place.
 F = Levels seen in this place.
 G = Mean time per level.
                   A        B        C        D        E       F      G
               +--------+--------+--------+--------+--------+-----+--------+
         Total |   2690 |   2562 |    128 |     61 |   2006 |   4 |  672.5 |
       Dungeon |   2690 |   2562 |    128 |     61 |   2006 |   4 |  672.5 |
               +--------+--------+--------+--------+--------+-----+--------+

Top non-repeatable levels by time:
     D:1: 882 daAuts
     D:2: 870 daAuts
     D:3: 759 daAuts
     D:4: 178 daAuts
